 Dungeon Crawl Stone Soup version 0.28-a0-1616-g050a50673c (console) character file.

Game seed: 14046758101231503676

3211 Melian the Fighter (level 9, 0/90 HPs)
             Began as a Minotaur Berserker on Jan 22, 2022.
             Was a Priest of Trog.
             Slain by an orc wizard (3 damage)
             ... on level 6 of the Dungeon.
             The game lasted 00:23:37 (7374 turns).

Melian the Fighter (Minotaur Berserker)             Turns: 7374, Time: 00:23:38

Health: 0/90       AC: 10    Str: 26    XL:     9   Next: 65%
Magic:  8/8        EV:  9    Int:  4    God:    Trog [***...]
Gold:   249        SH:  0    Dex: 10    Spells: 8/8 levels left

rFire   . . .      SeeInvis .   j - +0 battleaxe
rCold   . . .      Faith    .   (shield currently unavailable)
rNeg    . . .      Spirit   .   a - +0 chain mail
rPois   .          Reflect  .   (helmet restricted)
rElec   .          Harm     .   (no cloak)
rCorr   .          Rampage  .   b - +0 pair of gloves
Will    .....                   (no boots)
Stlth   ..........              (no amulet)
HPRegen 0.25/turn               (no ring)
MPRegen 0.11/turn               (no ring)

@: confused
A: horns 2, retaliatory headbutt
a: Renounce Religion, Berserk, Trog's Hand


You were on level 6 of the Dungeon.
You worshipped Trog.
Trog was most pleased with you.
You visited 1 branch of the dungeon, and saw 6 of its levels.

You collected 309 gold pieces.
You spent 60 gold pieces at shops.

Inventory:

Hand Weapons
 j - a +0 battleaxe (weapon)
Armour
 a - a +0 chain mail (worn)
 b - a +0 pair of gloves (worn)
Jewellery
 c - the ring of Paranoia {Fly rElec rPois rCorr Int-5}
   (You found it on level 6 of the Dungeon)

   [ring of flight]

   Int:       It affects your intelligence (-5).
   rElec:     It insulates you from electricity.
   rPois:     It protects you from poison.
   Fly:       It grants you flight.
   rCorr:     It protects you from acid and corrosion.
Wands
 d - a wand of paralysis (4)
Scrolls
 f - a scroll of teleportation
 g - a scroll of fog
Potions
 e - a potion of lignification
 h - a potion of mutation
 i - a potion of attraction
 k - a potion of brilliance
 l - a potion of berserk rage {unknown}
 n - 2 potions of heal wounds


   Skills:
 + Level 12.0 Fighting
 + Level 12.0 Axes
 - Level 2.7 Armour
 - Level 2.4 Dodging


You had 8 spell levels left.
You didn't know any spells.
Your spell library was empty.

Dungeon Overview and Level Annotations

Branches:
Dungeon (6/15)             Temple (0/1) D:4

Altars:
Dithmenos
Gozag
Qazlal
Sif Muna
Wu Jian

Shops:
D:4 =(   D:5 :*?   D:6 **


Innate Abilities, Weirdness & Mutations

You have a pair of horns on your head.
You reflexively headbutt those who attack you in melee.


Message History

The manticore bites you! The manticore claws you. x2
The orc wizard mumbles some strange words.
The orc wizard flickers and vanishes!
Deactivating autopickup; reactivate with Ctrl-A.
The manticore bites you!!
* * * LOW HITPOINT WARNING * * *
The manticore closely misses you. The manticore claws you.
* * * LOW HITPOINT WARNING * * *
You barely miss the manticore.
You headbutt the manticore, but do no damage.
The manticore is lightly wounded.
The manticore bites you!
* * * LOW HITPOINT WARNING * * *
The manticore closely misses you.
The manticore claws you but does no damage.
You slice the manticore!! Your headbutt misses the manticore.
The manticore is severely wounded.
The manticore bites you.
* * * LOW HITPOINT WARNING * * *
The manticore claws you but does no damage. x2
You hit the manticore.
You headbutt the manticore, but do no damage.
The manticore is severely wounded.
The manticore completely misses you. You furiously retaliate!
You headbutt the manticore!
The manticore claws you but does no damage.
The manticore claws you.
* * * LOW HITPOINT WARNING * * *
You barely miss the manticore.
The manticore is almost dead.
The manticore barely misses you. The manticore completely misses you.
The manticore claws you but does no damage.
You hit the manticore.
You kill the manticore!
Trog accepts your kill.
You hear some strange, mumbled words.
You are confused.
Your Fighting skill increases to level 12!
Your Axes skill increases to level 12!
You bump into the rock wall.
Something hits you.
You die...

..###..###.... #....# ##....# ..#
##....#### ###...## #.....
..###.....# ..#.....## ##.....
..#......## #........###....##
............. .....####.......#.
...######..## ##... #.###.....
..##....#### .##. #.# ##...#
..#.#.##(# ###.#. .## ##...
#.#.#..### ##)#.# ##. ##...
#.#.###..# #.##{# ##.. ##....
..#.#.##:# ##.#@# #.... ##..#..
..##.#.### #...##...##..##..###.
...###'# #'###..# ###...## #
.......######......# ##....####
......##8..8##.#...### #.......#.
...##.#8....8#.##....#..#...>#...
#..##.'......'.........###...##..
#...#.'......).)##..##. ##...##..
#.....#8....8#..#...# .....##.#
##[#..##8}.8##......## #........#
##.....######........# #.........


There were no monsters in sight!

Vanquished Creatures
  A two-headed ogre (D:6)
  A manticore (D:6)
  A troll (D:6)
  Sigmund (D:4)
  A sky beast (D:6)
  2 black bears
  An ogre (D:4)
  A necrophage (D:4)
  2 centaurs
  A phantom (D:4)
  4 scorpions
  A centaur zombie (D:6)
  5 jellies
  2 bullfrog zombies (D:6)
  2 orc priests
  4 iguanas
  4 orc wizards
  A scorpion zombie (D:5)
  2 hound skeletons (D:4)
  A howler monkey skeleton (D:6)
  12 adders
  8 gnolls
  A shadow imp (D:6)
  A white imp (D:6)
  An adder skeleton (D:4)
  2 worms
  3 dart slugs
  18 orcs
  8 ball pythons
  4 endoplasms
  7 giant cockroaches
  16 goblins
  10 hobgoblins
  7 jackals
  3 quokkas
  A ball python skeleton (D:2)
  5 bats
  5 kobolds
  4 rats
154 creatures vanquished.

Vanquished Creatures (others)
  5 plants (D:4)
5 creatures vanquished.

Grand Total: 159 creatures vanquished

Notes
Turn   | Place    | Note
-------+----------+-------------------------------------------
     0 | D:1      | Melian the Minotaur Berserker began the quest for the Orb.
     0 | D:1      | Reached XP level 1. HP: 19/19 MP: 0/0
    56 | D:1      | Reached XP level 2. HP: 20/27 MP: 1/1
   493 | D:1      | Reached ** piety under Trog
   744 | D:1      | Reached XP level 3. HP: 33/33 MP: 2/2
  1439 | D:2      | Found a faded altar of an unknown god.
  1512 | D:2      | Reached XP level 4. HP: 29/41 MP: 3/3
  1660 | D:2      | Reached skill level 5 in Fighting
  1660 | D:2      | Reached skill level 5 in Axes
  1815 | D:2      | Reached *** piety under Trog
  1850 | D:2      | Reached XP level 5. HP: 23/48 MP: 4/4
  3329 | D:4      | Noticed an ogre
  3335 | D:4      | Killed an ogre
  3336 | D:4      | Reached XP level 6. HP: 50/58 MP: 5/5
  3632 | D:4      | Reached XP level 7. HP: 66/66 MP: 6/6
  3643 | D:4      | Found Usmuesijusu's One-of-a-Kind Rings.
  3952 | D:4      | Noticed Sigmund
  3960 | D:4      | Killed Sigmund
  3987 | D:4      | Found a staircase to the Ecumenical Temple.
  4330 | D:4      | Found Terphuth's Antique Weapon Boutique.
  4663 | D:5      | Entered Level 5 of the Dungeon
  4766 | D:5      | Found Kewninyps's Book Shoppe.
  4976 | D:5      | Found Fyhomony's Magic Scroll Shop.
  4981 | D:5      | Found Ystria Kiate's Assorted Antiques.
  4986 | D:5      | Bought a scroll of identify for 30 gold pieces
  4986 | D:5      | Bought a scroll of identify for 30 gold pieces
  4997 | D:5      | Reached XP level 8. HP: 75/75 MP: 7/7
  5945 | D:6      | Found an ornate altar of the Wu Jian Council.
  5945 | D:6      | Found an opulent altar of Gozag.
  5945 | D:6      | Found a shimmering blue altar of Sif Muna.
  5945 | D:6      | Found a stormy altar of Qazlal.
  5945 | D:6      | Found a shadowy altar of Dithmenos.
  5948 | D:6      | Upgraded the game from 0.28-a0-1613-gdaab1c2f9b to
                  | 0.28-a0-1616-g050a50673c
  6257 | D:6      | Found Jeadgh's General Store.
  6262 | D:6      | Found Toikkul's Specific Store.
  6474 | D:6      | Reached skill level 10 in Fighting
  6474 | D:6      | Reached skill level 10 in Axes
  6932 | D:6      | Found a large runed translucent door.
  6932 | D:6      | Found a large runed translucent door.
  6932 | D:6      | Noticed a two-headed ogre
  6938 | D:6      | Found a large runed translucent door.
  6938 | D:6      | Found a large runed translucent door.
  6962 | D:6      | Killed a two-headed ogre
  6963 | D:6      | Reached XP level 9. HP: 89/89 MP: 8/8
  6982 | D:6      | Identified the ring of Paranoia {Fly rElec rPois rCorr
                  | Int-5}
  7159 | D:6      | Noticed a troll
  7165 | D:6      | Killed a troll
  7361 | D:6      | Noticed a manticore
  7369 | D:6      | HP: 4/89 [manticore (12)]
  7373 | D:6      | Killed a manticore
  7374 | D:6      | Slain by an orc wizard

Illustrated notes

Levels and vault maps discovered:
D:1:      psy_arrival_fountain, layout_rooms
D:2:      kennysheep_the_goblin_king, layout_loops_ring,
          ebering_ecumenical_altar_box, minmay_fractal_squares_5
D:3:      layout_loops_ring
D:4:      layout_cave_pods, minmay_temple_entry_metal_lava, serial_park,
          serial_park_square1 [serial_park_minivault_5x5_8], serial_park_gazebo
          [serial_park_minivault_5x5_3], serial_park_tiny_2,
          serial_park_square2, serial_shops, shop, serial_bayou_ford_a,
          nicolae_shop_unique_rings, uniq_sigmund
D:5:      layout_gridville, serial_shops, shop_fountains,
          nicolae_shop_behind_doors, nicolae_shop_behind_doors,
          bh_walls_and_bars
D:6:      layout_layer_cave, grunt_temple_overflow_open, nicolae_specific_store,
          minmay_hollow_rounded_squares

Skill      XL: |  1  2  3  4  5  6  7  8  9 |
---------------+----------------------------+-----
Axes           | 4 5 6 7 8 11 12 | 12.0
Fighting       | 4 5 6 7 8 11 12 | 12.0
Armour         | |  2.7
Dodging        | |  2.4

Action                   |  1- 3 |  4- 6 |  7- 9 || total
-------------------------+-------+-------+-------++-------
Melee: Hand axe          |    73 |       |       ||    73
       Headbutt          |    15 |    13 |    29 ||    57
       Battleaxe         |    30 |   113 |   184 ||   327
Invok: Berserk           |       |     2 |     8 ||    10
       Trog's Hand       |       |       |     2 ||     2
  Use: Scroll            |       |       |    14 ||    14
       Potion            |       |       |     3 ||     3
Armor: Animal skin       |     2 |       |       ||     2
       Leather armour    |    10 |       |       ||    10
       Chain mail        |    30 |    80 |   109 ||   219
       Ring mail         |    15 |       |       ||    15
Dodge: Dodged            |    63 |    59 |    76 ||   198

Table legend: (Time is in decaauts)
 A = Elapsed time spent in this place.
 B = Non-inter-level travel time spent in this place.
 C = Inter-level travel time spent in this place.
 D = Time resting spent in this place.
 E = Time spent auto-exploring this place.
 F = Levels seen in this place.
 G = Mean time per level.
                   A        B        C        D        E       F      G
               +--------+--------+--------+--------+--------+-----+--------+
         Total |   7598 |   7422 |    176 |      0 |   5709 |   6 | 1266.3 |
       Dungeon |   7598 |   7422 |    176 |      0 |   5709 |   6 | 1266.3 |
               +--------+--------+--------+--------+--------+-----+--------+

Top non-repeatable levels by time:
     D:4: 1524 daAuts
     D:6: 1462 daAuts
     D:2: 1375 daAuts
     D:5: 1305 daAuts
     D:1: 1033 daAuts
     D:3: 896 daAuts
